 Dungeon Crawl Stone Soup version 0.28-a0-410-gbef64dd269 (webtiles) character file.

Game seed: 14483852981956138468

249 heikuro the Skirmisher (level 6, -8/49 HPs)
             Began as a Formicid Abyssal Knight on Sept 6, 2021.
             Was a Believer of Lugonu.
             Killed by divine providence
             ... invoked by an orc priest
              (16 damage)
             ... on level 4 of the Dungeon.
             The game lasted 00:07:43 (3600 turns).

heikuro the Skirmisher (Formicid Abyssal Knight)    Turns: 3600, Time: 00:07:44

Health: -8/49      AC: 10    Str: 18    XL:     6   Next: 35%
Magic:  8/8        EV: 22    Int: 12    God:    Lugonu [**....]
Gold:   113        SH:  4    Dex: 10    Spells: 5/5 levels left

rFire   . . .      SeeInvis +   b - +1 dagger (venom)
rCold   . . .      Faith    .   j - +0 buckler
rNeg    . . .      Spirit   .   d - +0 chain mail
rPois   .          Reflect  .   (helmet unavailable)
rElec   .          Harm     .   (no cloak)
rCorr   .          Rampage  .   (no gloves)
Will    .....                   f - +0 pair of boots
Stlth   ..........              k - amulet of the acrobat
HPRegen 0.16/turn               (no ring)
MPRegen 0.11/turn               (no ring)

@: acrobatic
A: permanent stasis, dig shafts and tunnels, antennae 3, four strong arms
a: Dig, Shaft Self, Renounce Religion, Depart the Abyss, Bend Space


You were on level 4 of the Dungeon.
You worshipped Lugonu.
Lugonu was pleased with you.
You visited 1 branch of the dungeon, and saw 4 of its levels.
You visited the Abyss 1 time.

You collected 113 gold pieces.

Inventory:

Hand Weapons
 a - a +1 falchion
 b - a +1 dagger of venom (weapon)
Armour
 d - a +0 chain mail (worn)
 f - a +0 pair of boots (worn)
 j - a +0 buckler (worn)
Jewellery
 k - an amulet of the acrobat (around neck)
Wands
 e - a wand of paralysis (6)
Scrolls
 c - 2 scrolls of identify
 i - 2 scrolls of amnesia {unknown}
 m - a scroll of acquirement {unknown}
Potions
 g - a potion of brilliance {unknown}
 h - a potion of cancellation {unknown}
 l - a potion of invisibility {unknown}


   Skills:
 + Level 4.6 Fighting
 - Level 0.2(2.3) Short Blades
 * Level 3.9 Long Blades
 + Level 3.2 Armour
 - Level 1.0 Dodging
 + Level 2.1 Shields
 + Level 3.3 Invocations


You had 5 spell levels left.
You didn't know any spells.
Your spell library contained the following spells:

 Spells                   Type           Power      Damage    Failure   Level
 Static Discharge         Conj/Air       0%         N/A       100%        2
 Lightning Bolt           Conj/Air       0%         1d11      100%        5
 Maxwell's Capacitive Co  Air            0%         ∞         100%        8


Dungeon Overview and Level Annotations

Branches:
Dungeon (4/15)
 Temple: D:4-7

Altars:
Ashenzari
Wu Jian
Zin

Shops:
D:1 :


Innate Abilities, Weirdness & Mutations

You cannot be hasted, slowed, berserked, paralysed or teleported.
You can dig through walls and to a lower floor.
You have a pair of large antennae on your head. (SInv)
Your four strong arms can wield two-handed weapons with a shield.


Message History

You kill the jackal!
Lugonu accepts your kill.
An orc comes into view. It is wielding a +0 short sword.
You closely miss the orc. You block the orc's attack.
You hit the orc.
The orc is poisoned.
The orc is severely wounded.
The orc hits you but does no damage.
You hit the orc.
You kill the orc!
Lugonu accepts your kill.
You hit the orc priest.
The orc priest is poisoned.
The orc priest is lightly wounded.
The orc priest hits you but does no damage.
Your chain mail prevents you from hitting the orc priest.
The ogre shouts!
You hit the orc warrior.
The orc warrior is poisoned.
The orc warrior is lightly wounded.
You hit the orc warrior but do no damage.
The orc warrior looks as sick as possible!
The orc warrior is lightly wounded.
The orc warrior hits you with a +0 mace.
You closely miss the orc warrior.
The orc warrior is moderately wounded.
The orc warrior hits you with a +0 mace!
You hit the orc warrior but do no damage.
The orc warrior is heavily wounded.
The orc warrior hits you with a +0 mace.
You hit the orc warrior.
The orc warrior is heavily wounded.
You block the orc warrior's attack.
You closely miss the orc warrior.
The orc warrior is heavily wounded.
The orc warrior hits you with a +0 mace!
The orc priest casts a cantrip, but nothing happens.
The orc priest mumbles some strange prayers to Beogh against you.
Beogh smites you!
* * * LOW HITPOINT WARNING * * *
The orc priest calls down the wrath of Beogh upon you.
Beogh smites you!
You die...

##.####..##.<.....#.^
#........##)#.....#..
#.#.###.###.#.....### #
#.###.......)...#
#..######.......# ..# ###
##.## #)......# .). #..
#..#####...####### .o{{
#.########.....?...# #.
...o{ #.##oo.o.@.[.(##...#
##.
....o##'##o#####..#.###..#
#.. .........O.# ##.#.#
#..#####.. ...........#
#.#.# #......#._
...........# #.#.
+......#.. ...........#
#.## #......#..
...........# #..#
#(.....##. ...........#
#..# #......##.
......$[..## #..#
#......###


You could see an orc warrior (very poisoned), an orc priest (poisoned) and 2
orcs.

Vanquished Creatures
  Natasha (thrice) (D:2)
  An orc wizard (D:2)
  An adder (D:4)
  4 gnolls (D:3)
  A howler monkey skeleton (D:4)
  An ufetubus (D:4)
  5 dart slugs
  4 orcs
  3 endoplasms
  A giant cockroach (D:1)
  15 goblins
  8 hobgoblins
  4 jackals (D:4)
  3 quokkas
  4 ball pythons
  6 bats
  3 frilled lizards
  4 kobolds
  3 rats
74 creatures vanquished.

Vanquished Creatures (others)
  A plant (D:3)
1 creature vanquished.

Grand Total: 75 creatures vanquished

Notes
Turn   | Place    | Note
-------+----------+-------------------------------------------
     0 | Abyss:1  | heikuro the Formicid Abyssal Knight began the quest for the
                  | Orb.
     0 | Abyss:1  | Reached XP level 1. HP: 18/18 MP: 2/2
    10 | Abyss:1  | Noticed a large abomination
    10 | D:1      | Escaped the Abyss
    90 | D:1      | Reached XP level 2. HP: 11/24 MP: 3/3
   265 | D:1      | Found Urimpo's Book Boutique.
   742 | D:1      | Reached * piety under Lugonu
   743 | D:1      | Reached XP level 3. HP: 29/30 MP: 4/4
  1059 | D:1      | Reached skill level 4 in Fighting
  1356 | D:2      | Noticed Natasha
  1413 | D:2      | Killed Natasha
  1414 | D:2      | Reached skill level 1 in Dodging
  1414 | D:2      | Reached XP level 4. HP: 24/37 MP: 5/5
  1524 | D:2      | Noticed Natasha
  1537 | D:2      | Killed Natasha
  1727 | D:2      | Noticed Natasha
  1740 | D:2      | Killed Natasha
  1741 | D:2      | Reached skill level 1 in Shields
  1741 | D:2      | Reached XP level 5. HP: 42/42 MP: 7/7
  1816 | D:2      | Found a faded altar of an unknown god.
  2207 | D:2      | You fall into a shaft and drop 2 floors!
  2215 | D:4      | HP: 1/43 [ufetubus (4)]
  2642 | D:2      | Reached XP level 6. HP: 23/49 MP: 8/8
  2885 | D:3      | Found an ornate altar of the Wu Jian Council.
  2898 | D:3      | Reached ** piety under Lugonu
  3313 | D:4      | Noticed an ogre
  3325 | D:4      | Found a broken altar of Ashenzari.
  3325 | D:4      | Found a glowing silver altar of Zin.
  3572 | D:4      | Noticed an orc warrior
  3600 | D:4      | Killed from afar by an orc priest

Illustrated notes

Levels and vault maps discovered:
D:1:      minmay_arrival_four_houses, layout_loops_ring, serial_shops, shop,
          roderic_lattice_a, moated_statue, grunt_decor_mini_mirrors
D:2:      layout_basic, hellmonk_ecumenical_altar_arch_garden, st_stairs_6,
          uniq_natasha
D:3:      kennysheep_the_goblin_king, layout_rooms,
          nicolae_overflow_crystal_walls, serial_bayou_pond_e,
          corexii_leaking_fountain
D:4:      layout_basic, chequers_temple_overflow_statue_of_worship

Skill      XL: |  1  2  3  4  5  6 |
---------------+-------------------+-----
Fighting       | 4 |  4.6
Dodging        | 1 |  1.0
Long Blades    | 3 |  3.9
Shields        | 1 2 |  2.1
Armour         | 3 |  3.2
Invocations    | 3 |  3.3
Short Blades   | |  0.2

Action                   |  1- 3 |  4- 6 || total
-------------------------+-------+-------++-------
Melee: Falchion          |    18 |       ||    18
       Dagger            |    73 |   180 ||   253
Invok: Depart the Abyss  |     1 |       ||     1
 Abil: Shaft Self        |       |     1 ||     1
  Use: Potion            |       |     3 ||     3
       Scroll            |       |     1 ||     1
Armor: Leather armour    |     4 |       ||     4
       Chain mail        |    96 |   105 ||   201
Dodge: Dodged            |    38 |    79 ||   117
Block: Buckler           |     6 |    39 ||    45

Table legend: (Time is in decaauts)
 A = Elapsed time spent in this place.
 B = Non-inter-level travel time spent in this place.
 C = Inter-level travel time spent in this place.
 D = Time resting spent in this place.
 E = Time spent auto-exploring this place.
 F = Levels seen in this place.
 G = Mean time per level.
                   A        B        C        D        E       F      G
               +--------+--------+--------+--------+--------+-----+--------+
         Total |   3590 |   3516 |     74 |   1064 |   1595 |   5 |  718.0 |
       Dungeon |   3579 |   3505 |     74 |   1064 |   1586 |   4 |  894.8 |
         Abyss |     10 |     10 |      0 |      0 |      9 |   1 |   10.0 |
               +--------+--------+--------+--------+--------+-----+--------+

Top non-repeatable levels by time:
     D:1: 1302 daAuts
     D:2: 932 daAuts
     D:3: 694 daAuts
     D:4: 650 daAuts
 Abyss:1: 10 daAuts
